 Dungeon Crawl Stone Soup version 0.31.0-32-g396128a36d (webtiles) character file.

Game seed: 16113546619940109028

157 Curundu the Chopper (level 5, -4/47 HPs)
             Began as a Minotaur Berserker on Mar 27, 2024.
             Was a Believer of Trog.
             Killed by nerve-wracking pain
             ... invoked by Grinder
              (9 damage)
             ... on level 3 of the Dungeon.
             The game lasted 00:03:38 (2042 turns).

Curundu the Chopper (Minotaur Berserker)            Turns: 2042, Time: 00:03:38

Health: -4/47      AC:  2    Str: 24    XL:     5   Next: 15%
Magic:  4/4        EV: 12    Int:  4    God:    Trog [**....]
Gold:   117        SH:  0    Dex:  9    Spells: 4/4 levels left

rFire   . . .        a - +0 hand axe
rCold   . . .        (no shield)
rNeg    . . .        b - +0 animal skin
rPois   .            (helmet restricted)
rElec   .            (no cloak)
rCorr   .            (no gloves)
SInv    .            (no boots)
Will    .....        (no amulet)
Stlth   +            (no ring)
HPRegen 0.27/turn    (no ring)
MPRegen 0.09/turn

%: no passive effects
@: on berserk cooldown, slowed, very slow
A: horns 2, retaliatory headbutt
a: Renounce Religion, Berserk, Trog's Hand


You were on level 3 of the Dungeon.
You worshipped Trog.
Trog was pleased with you.
You visited 1 branch of the dungeon, and saw 3 of its levels.

You collected 117 gold pieces.

Inventory:

Hand Weapons
 a - a +0 hand axe (weapon)
Armour
 b - a +0 animal skin (worn)
Scrolls
 c - 2 scrolls of teleportation {unknown}
 d - a scroll of immolation {unknown}
 e - 5 scrolls of identify {unknown}
 i - a scroll of poison {unknown}
Potions
 f - a potion of enlightenment {unknown}
 g - a potion of ambrosia {unknown}
 h - a potion of lignification {unknown}
 j - 2 potions of might {unknown}
 k - a potion of attraction {unknown}


   Skills:
 + Level 4.9 Fighting
 + Level 5.4 Axes
 + Level 2.8 Armour
 + Level 3.1 Dodging
 + Level 0.2 Stealth


You had 4 spell levels left.
You didn't know any spells.
Your spell library was empty.

Dungeon Overview and Level Annotations

Branches:
Dungeon (3/15)

Altars:
Wu Jian
Zin

Annotations:
D:3 Grinder


Innate Abilities, Weirdness & Mutations

You have a pair of horns on your head.
You reflexively headbutt those who attack you in melee.


Message History

Trog accepts your kill.
Natasha extends her claws.
Natasha claws you!
* * * LOW HITPOINT WARNING * * *
You hit Natasha.
Natasha is almost dead.
Natasha closely misses you.
You slash Natasha!
You kill Natasha!
Trog accepts your kill.
Trog appreciates your killing of a magic user.
Natasha growls in agony!
You have reached level 5!
Grinder blinks!
You see here the felid corpse of Natasha.
You feel a strong urge to attack something.
You see here the felid corpse of Natasha.
You feel your anger nearly subside. Grinder hits you.
* * * LOW HITPOINT WARNING * * *
You writhe in agony.
* * * LOW HITPOINT WARNING * * *
You hit Grinder. Your headbutt misses Grinder.
Grinder is lightly wounded.
Grinder closely misses you.
You slash Grinder!
Grinder is heavily wounded.
You are no longer berserk.
You are exhausted.
You feel yourself slow down.
You hit Grinder but do no damage. Your headbutt misses Grinder.
Grinder is heavily wounded.
Grinder blinks!
Grinder blinks!
Grinder gestures at you. You resist with significant effort.
Grinder gestures at you. Pain shoots through your body!
You die...
Grinder says, "Hey, I wasn't done torturing you yet!"

#.... ....## .....
#...# ♣..##...##
..♣♣....)...#
........†...###
....._..≈≈..5.#
.##.....≈≈..#.#
#.........#.#
....≈≈....#.@#
.....≈≈....#.##
........§.##.#
.##§....####.#
########.#
#..).#################
♣P.♣♣..................
♣♣~P♣♣.........########
♣♣~P♣♣.................


You could see Grinder.

Vanquished Creatures
  A bombardier beetle (D:3)
  An orc wizard (D:3)
  Natasha (D:3)
  2 adders
  A dart slug (D:2)
  5 orcs (D:3)
  3 bats
  An endoplasm (D:1)
  A giant cockroach (D:1)
  11 goblins
  2 hobgoblins (D:1)
  8 kobolds
  2 quokkas
  5 ball pythons
  A frilled lizard (D:2)
  7 rats
52 creatures vanquished.

Notes
Turn   | Place    | Note
-------+----------+-------------------------------------------
     0 | D:1      | Curundu the Minotaur Berserker began the quest for the Orb.
     0 | D:1      | Reached XP level 1. HP: 19/19 MP: 0/0
    41 | D:1      | Reached XP level 2. HP: 19/27 MP: 1/1
    43 | D:1      | Reached skill level 4 in Axes
   470 | D:1      | Reached XP level 3. HP: 32/33 MP: 2/2
   493 | D:2      | Found a faded altar of an unknown god.
   611 | D:2      | Reached ** piety under Trog
  1586 | D:3      | Reached XP level 4. HP: 38/41 MP: 3/3
  1722 | D:3      | Reached skill level 5 in Axes
  1904 | D:3      | Found a glowing silver altar of Zin.
  2007 | D:3      | Found an ornate altar of the Wu Jian Council.
  2007 | D:3      | Noticed Grinder
  2007 | D:3      | Paralysed by Grinder for 5 turns
  2015 | D:3      | Noticed Natasha
  2028 | D:3      | Killed Natasha
  2029 | D:3      | Reached XP level 5. HP: 10/47 MP: 4/4
  2032 | D:3      | HP: 2/70 [Grinder (5)]
  2042 | D:3      | Killed from afar by Grinder

Illustrated notes

Levels and vault maps discovered:
D:1:      onia_arrival_handbag, layout_rooms
D:2:      layout_loops_corners, shapermc_ecumenical_altar_rom_forum
D:3:      layout_basic, nicolae_wu_jian_wuxing_cycle, zin_treasury,
          mainiacjoe_overflow_catwalk, serial_bayou_crossing, uniq_natasha,
          uniq_grinder

Skill      XL: |  1  2  3  4 |
---------------+-------------+-----
Axes           | 4 5 |  5.4
Fighting       | 4 |  4.9
Dodging        | 3 |  3.1
Armour         | |  2.8
Stealth        | |  0.2

Action                     |  1- 3 |  4- 6 || total
---------------------------+-------+-------++-------
  Melee: Hand axe          |    83 |    29 ||   112
         Headbutt          |     8 |     3 ||    11
         Punch             |     3 |     1 ||     4
 Invoke: Berserk           |     1 |     1 ||     2
         Trog's Hand       |     1 |     1 ||     2
 Armour: Animal skin       |    50 |    22 ||    72
  Dodge: Dodged            |    57 |    15 ||    72
